 Dungeon Crawl Stone Soup version 0.32-a0-470-g255bbe2f98 (webtiles) character file.

Game seed: 7665935651317286606

4 Conn the Firebug (level 1, -1/11 HPs)
             Began as an Octopode Fire Elementalist on Feb 25, 2024.
             Slain by a jackal (3 damage)
             ... on level 1 of the Dungeon.
             The game lasted 00:00:31 (176 turns).

Conn the Firebug (Octopode Fire Elementalist)        Turns: 176, Time: 00:00:32

Health: -1/11      AC:  1    Str:  7    XL:     1   Next: 60%
Magic:  0/3        EV: 13    Int: 17    God:
Gold:   9          SH:  0    Dex: 12    Spells: 3/4 levels left

rFire   . . .        (no weapon)
rCold   . . .        (no shield)
rNeg    . . .        (helmet restricted)
rPois   .            (no amulet)
rElec   .            (no ring)
rCorr   .            (no ring)
SInv    .            (no ring)
Will    .....        (no ring)
Stlth   +++          (no ring)
HPRegen 0.21/turn    (no ring)
MPRegen 0.08/turn    (no ring)
                     (no ring)

%: no passive effects
@: no status effects
A: almost no armour, amphibious, 8 rings, camouflage 1, gelatinous body 1,
(nimble swimmer 1), tentacles, antennae 1, tentacle spike 1, low MP 1
a: no special abilities


You were on level 1 of the Dungeon.
You visited 1 branch of the dungeon, and saw 1 of its levels.

You collected 9 gold pieces.

Inventory:

Missiles
 c - 3 javelins
Scrolls
 b - a scroll of identify {unknown}
Potions
 a - a potion of magic


   Skills:
 + Level 2.0 Dodging
 + Level 2.8 Stealth
 + Level 2.0 Spellcasting
 + Level 1.1 Conjurations
 + Level 3.0 Fire Magic


You had 3 spell levels left.
You knew the following spells:

 Your Spells              Type           Power      Damage    Failure   Level
a - Foxfire               Conj/Fire      32%        2x1d5     9%          1

Your spell library contained the following spells:

 Spells                   Type           Power      Damage    Failure   Level
 Scorch                   Fire           24%        2d6       9%          2
 Inner Flame              Hex/Fire       6%         N/A       30%         3
 Volatile Blastmotes      Fire/Tloc      12%        2d11      30%         3
 Flame Wave               Conj/Fire      8%         2d5       63%         4


Dungeon Overview and Level Annotations

Branches:
Dungeon (1/15)

Altars:


Innate Abilities, Weirdness & Mutations

You cannot wear most types of armour.
You are amphibious.
You can wear up to eight rings at the same time.
Your skin changes colour to match your surroundings (Stealth+).
Your rubbery body absorbs attacks. (AC +1, EV +1)
((You are camouflaged when in or above water. (Stealth+)))
You have tentacles for arms and can constrict up to eight enemies at once.
You have a pair of small antennae on your head.
One of your tentacles bears a spike.
Your magical capacity is low. (-10% MP)


Message History

A jackal comes into view.
An endoplasm comes into view.
Unknown command.
The foxfire hits the goblin.
The goblin is almost dead.
The foxfire hits the jackal.
The jackal is severely wounded.
The goblin completely misses you.
Unknown command.
The jackal completely misses you.
It was a potion of mutation.
You feel extremely strange.
You feel less energetic. A pair of antennae grows on your head!
One of your lower tentacles grows a sharp spike.
The goblin barely misses you.
Unknown command.
Unknown command.
You tentacle-slap the jackal but do no damage.
You grab the jackal.
The jackal is severely wounded.
You constrict the jackal. The goblin hits you with a +0 club.
The jackal misses you. x2
You closely miss the goblin. Your grab misses the goblin.
You pierce the goblin.
You kill the goblin!
You constrict the jackal, but do no damage.
The jackal bites you. x2
* * * LOW HITPOINT WARNING * * *
The jackal closely misses you. The jackal bites you.
* * * LOW HITPOINT WARNING * * *
Unknown command.
Unknown command.
Okay, then.
Unknown command.
Unknown command.
Unknown command.
Unknown command.
You closely miss the jackal. Your grab misses the jackal.
You constrict the jackal.
You kill the jackal!
The jackal bites you.
You die...

#...... ..J.... .....
#.....# ....... .....######
#.....##.......
..........#####........$....
...........................>
..........#####.......)#.#..
................g......#.#..
...##...##.......h.....#....
................@#.......#
......##.........h.......#
......##.................#
......##................##
......##................#
####.########..........##
####'####...####...#†..#
..##.#........##...#.......
...#.#.........#...#......#


You could see 2 jackals and a goblin.

Vanquished Creatures
  A giant cockroach (D:1)
  A goblin (D:1)
  A jackal (D:1)
  A ball python (D:1)
  A bat (D:1)
5 creatures vanquished.

Vanquished Creatures (others)
  12 foxfires (D:1)
12 creatures vanquished.

Grand Total: 17 creatures vanquished

Notes
Turn   | Place    | Note
-------+----------+-------------------------------------------
     0 | D:1      | Conn the Octopode Fire Elementalist began the quest for the
                  | Orb.
     0 | D:1      | Reached XP level 1. HP: 11/11 MP: 3/3
   173 | D:1      | Gained mutation: Your magical capacity is low. (-10% MP)
                  | [potion of mutation]
   173 | D:1      | Gained mutation: You have a pair of small antennae on your
                  | head. [potion of mutation]
   173 | D:1      | Gained mutation: One of your tentacles bears a spike.
                  | [potion of mutation]
   176 | D:1      | Slain by a jackal

Illustrated notes

Levels and vault maps discovered:
D:1:      dpeg_arrival_three_smaller_balls, layout_basic

Action                     || total
---------------------------++-------
  Melee: Unarmed           ||     3
         Constrict         ||     1
         Kick              ||     1
   Cast: Foxfire           ||     6
    Use: Potion            ||     1
 Armour: Skin              ||     5
  Dodge: Dodged            ||     6

Table legend: (Time is in decaauts)
 A = Elapsed time spent in this place.
 B = Non-inter-level travel time spent in this place.
 C = Inter-level travel time spent in this place.
 D = Time resting spent in this place.
 E = Time spent auto-exploring this place.
 F = Levels seen in this place.
 G = Mean time per level.
                   A        B        C        D        E       F      G
               +--------+--------+--------+--------+--------+-----+--------+
         Total |    176 |    176 |      0 |      0 |    126 |   1 |  176.0 |
       Dungeon |    176 |    176 |      0 |      0 |    126 |   1 |  176.0 |
               +--------+--------+--------+--------+--------+-----+--------+

Top non-repeatable levels by time:
     D:1: 176 daAuts
